 Dungeon Crawl Stone Soup version 0.28.0-45-g0d030f2227 (webtiles) character file.

Game seed: 10020699631931937705

40 CryoSword the Digger (level 3, 0/20 HPs)
             Began as a Gargoyle Earth Elementalist on Apr 14, 2022.
             Slain by a worm (10 damage)
             ... on level 2 of the Dungeon.
             The game lasted 00:01:40 (1809 turns).

CryoSword the Digger (Gargoyle Earth Elementalist)  Turns: 1809, Time: 00:01:40

Health: 0/20       AC:  5    Str: 11    XL:     3   Next: 50%
Magic:  6/6        EV: 11    Int: 17    God:
Gold:   61         SH:  0    Dex: 10    Spells: 0/6 levels left

rFire   . . .      SeeInvis .   a - +0 club
rCold   . . .      Faith    .   (no shield)
rNeg    + . .      Spirit   .   b - +0 robe
rPois   ∞          Reflect  .   (no helmet)
rElec   +          Harm     .   (no cloak)
rCorr   .          Rampage  .   (no gloves)
Will    .....                   (no boots)
Stlth   ++........              (no amulet)
HPRegen 0.06/turn               (no ring)
MPRegen 0.10/turn               (no ring)

@: no status effects
A: sickness immunity, AC +3, negative energy resistance 1, electricity
resistance, torment resistance 1, petrification resistance
a: no special abilities


You were on level 2 of the Dungeon.
You visited 1 branch of the dungeon, and saw 2 of its levels.

You collected 61 gold pieces.

Inventory:

Hand Weapons
 a - a +0 club (weapon)
   (You found it on level 1 of the Dungeon)
Armour
 b - a +0 robe (worn)
Scrolls
 d - a scroll of teleportation {unknown}
Potions
 e - 2 potions of curing {unknown}


   Skills:
 + Level 0.9 Fighting
 + Level 0.6 Maces & Flails
 - Level 1.5 Dodging
 - Level 2.1 Stealth
 + Level 2.2 Spellcasting
 * Level 1.6 Conjurations
 - Level 0.7 Transmutations
 * Level 4.3 Earth Magic


You couldn't memorise any spells.
You knew the following spells:

 Your Spells              Type           Power      Damage    Failure   Level
a - Sandblast             Erth           32%        2d9       3%          1
b - Stone Arrow           Conj/Erth      24%        3d8       17%         3
P - Passwall              Tmut/Erth      8%         N/A       11%         2

Your spell library contained the following spells:

 Spells                   Type           Power      Damage    Failure   Level
 Slow                     Hex            4%         N/A       19%         1
 Confusing Touch          Hex            1%         N/A       50%         3
 Vampiric Draining        Necr           1%         2d6       50%         3
 Petrify                  Tmut/Erth      10%        N/A       56%         4


Dungeon Overview and Level Annotations

Branches:
Dungeon (2/15)

Altars:


Innate Abilities, Weirdness & Mutations

You are immune to sickness and miasma.
Your stone body is resilient. (AC +3)
You are immune to poison.
You resist negative energy. (rN+)
You are resistant to electric shocks. (rElec)
You are resistant to unholy torment.
You are immune to petrification.


Message History

You have reached level 3!
Your experience leads to an increase in your attributes!
Increase (S)trength, (I)ntelligence, or (D)exterity?
You feel clever. x2
Found 31 sling bullets.
You see here a giant cockroach corpse.
Things that are here:
a jackal corpse; a jackal corpse You see here 31 sling bullets.
A giant cockroach comes into view.
A giant cockroach is nearby!
A giant cockroach is nearby!
A giant cockroach is nearby!
The giant cockroach misses you.
You closely miss the giant cockroach. The giant cockroach barely misses you.
You closely miss the giant cockroach. The giant cockroach bites you.
The giant cockroach barely misses you.
You hit the giant cockroach.
You kill the giant cockroach!
No target in view!
No target in view!
No target in view!
No target in view!
No target in view!
No target in view!
No target in view!
No target in view!
No target in view!
This spell is extremely dangerous to cast!
Memorise Stone Arrow, consuming 3 spell levels and leaving 2?
You start memorising the spell.
You continue memorising. x3
You finish memorising.
Spell assigned to 'b'.
Memorise Passwall, consuming 2 spell levels and leaving 0?
You start memorising the spell.
You continue memorising. x2
You finish memorising.
Spell assigned to 'P'.
Okay, then.
d - a scroll labelled ZUSHUL REUSUTS A ball python comes into view.
A ball python is nearby!
A ball python is nearby!
A ball python is nearby!
The ball python hisses angrily.
A goblin comes into view. It is wielding a +0 club.
The ball python completely misses you. The ball python barely misses you.
The ball python misses you. The ball python grabs you.
The ball python constricts you.
There is an open door here.
Aim: a ball python (constricting you, 77% to hit)
The blast of sand hits the ball python.
You kill the ball python!
Aim: a goblin, wielding a +0 club (74% to hit)
The blast of sand misses the goblin.
A goblin is nearby!
You hit the goblin but do no damage. The goblin closely misses you.
You hit the goblin.
You kill the goblin!
Things that are here:
a +0 club; a ball python corpse Could not explore, unopened door.
Could not explore, unopened door.
You open the door.
There is an open door here.
A bat comes into view.
A bat is nearby!
A bat is nearby!
A bat is nearby!
You barely miss the bat. Your punch misses the bat. The bat misses you.
The bat hits you but does no damage. The bat hits you but does no damage.
The bat barely misses you. The bat hits you but does no damage.
You closely miss the bat. The bat hits you but does no damage.
The bat closely misses you.
You barely miss the bat. The bat barely misses you.
You barely miss the bat. The bat closely misses you. The bat barely misses you.
You closely miss the bat. The bat hits you. The bat closely misses you.
You miss the bat.
The bat closely misses you. x2; The bat misses you.
You hit the bat.
The bat misses you. x2; The bat closely misses you.
You closely miss the bat. The bat barely misses you.
The bat closely misses you.
You hit the bat.
You kill the bat!
No target in view!
Could not explore, unopened door.
Could not explore, unopened door.
Could not explore, unopened door.
You open the door.
There is an open door here.
There is an open door here.
There is an open door here.
Things that are here:
a +0 club; a ball python skeleton Key pressed, stopping explore.
There is an open door here.
You see here a +0 dagger.
Done exploring.
Done exploring.
Done exploring.
Done exploring.
There is an open door here.
You enter the shallow water.
Moving in this stuff is going to be slow.
There is an open door here.
You can't go down here!
Done exploring.
As you open the door, it creaks loudly!
There's nothing to open nearby.
There is an open door here.
There is a stone staircase leading down here.
You climb downwards.
Found a bubbling purple potion.
There is a stone staircase leading up here.
An adder comes into view.
An adder is nearby!
An adder is nearby!
The adder hisses angrily.
You hear a shout!
A kobold comes into view. It is wielding a +0 dagger.
Aim: an adder (66% to hit)
The blast of sand hits the adder!
You kill the adder!
Aim: a kobold, wielding a +0 dagger (74% to hit)
The blast of sand hits the kobold!
You kill the kobold!
e - a bubbling purple potion A rat comes into view.
Found a glowing orb.
A rat is nearby!
A rat is nearby!
Found a bubbling purple potion.
Aim: a rat (79% to hit)
The blast of sand hits the rat.
You kill the rat!
You now have no stones remaining.
e - 2 bubbling purple potions (gained 1)
You now have 61 gold pieces (gained 9).
A worm comes into view.
A worm is nearby!
A worm is nearby!
A worm is nearby!
A ball python comes into view.
You don't have any stones to cast with.
Unknown command.
You hit the worm. You hit the worm. The worm bites you.
You hit the worm but do no damage. The worm bites you!
* * * LOW HITPOINT WARNING * * *
You hit the worm. You hit the worm. The worm bites you!
Ouch! That really hurt!
You die...

..... ... #+# ...)###
##########.#... .#.#..
........##.#... ...#.#####
###########.##.#.S
##.#<....###...........##.#..
.......................##.#.#
####.###.###.#######...##.#.#
................@w........#.###..
####.###.####.########.###.......
###.###...............# #.......
#......#####.########## #w......
#......+.......# +.......
#......##....#.# #.......
#....[.##....#.# .#..#...
#......##....#.# . ..#.#.
#............#.# . ..# ..


You could see a worm.

Vanquished Creatures
  An adder (D:2)
  4 giant cockroaches (D:1)
  2 goblins (D:1)
  3 hobgoblins (D:1)
  3 jackals (D:1)
  3 kobolds
  2 quokkas (D:1)
  4 ball pythons (D:1)
  2 bats (D:1)
  4 rats
28 creatures vanquished.

Notes
Turn   | Place    | Note
-------+----------+-------------------------------------------
     0 | D:1      | CryoSword the Gargoyle Earth Elementalist began the quest
                  | for the Orb.
     0 | D:1      | Reached XP level 1. HP: 10/10 MP: 3/3
   421 | D:1      | Reached XP level 2. HP: 9/15 MP: 3/5
   597 | D:1      | Reached skill level 1 in Conjurations
   742 | D:1      | Reached skill level 4 in Earth Magic
  1203 | D:1      | Reached XP level 3. HP: 20/20 MP: 1/6
  1289 | D:1      | Learned a level 3 spell: Stone Arrow
  1292 | D:1      | Learned a level 2 spell: Passwall
  1809 | D:2      | Slain by a worm

Illustrated notes

Levels and vault maps discovered:
D:1:      lemuel_arrival_tunnels, layout_loops_corners, minmay_liquid_box
D:2:      minmay_chambers_of_ones, layout_basic, grunt_decor_resistance,
          uniq_terence

Skill      XL: |  1  2 |
---------------+-------+-----
Conjurations   | 1 |  1.6
Earth Magic    | 4 |  4.3
Fighting       | |  0.9
Maces & Flails | |  0.6
Dodging        | |  1.5
Stealth        | |  2.1
Spellcasting   | |  2.2
Transmutations | |  0.7

Action                   || total
-------------------------++-------
Melee: Unarmed           ||     7
       Club              ||    53
       Punch             ||     2
 Cast: Sandblast         ||    30
 Stab: Sleeping          ||     1
Armor: Robe              ||    27
Dodge: Dodged            ||    63
